 Dungeon Crawl Stone Soup version 0.28-a0-793-g31680bbd8b (webtiles) character file.

Game seed: 9015530387812697661

73 demibob the Ruffian (level 4, 0/38 HPs)
             Began as a Ghoul Monk on Nov 4, 2021.
             Slain by an orc (5 damage)
             ... on level 3 of the Dungeon.
             The game lasted 00:03:26 (1920 turns).

demibob the Ruffian (Ghoul Monk)                    Turns: 1920, Time: 00:03:27

Health: 0/38       AC:  2    Str: 14    XL:     4   Next: 27%
Magic:  3/3        EV: 12    Int:  5    God:
Gold:   115        SH:  0    Dex: 12    Spells: 3/3 levels left

rFire   . . .      SeeInvis .     - Unarmed
rCold   + . .      Faith    .   (no shield)
rNeg    + + +      Spirit   .   a - +0 robe
rPois   ∞          Reflect  .   (no helmet)
rElec   .          Harm     .   (no cloak)
rCorr   +          Rampage  .   (no gloves)
Will    .....                   (no boots)
Stlth   ++........              (no amulet)
HPRegen 0.00/turn               R - ring of resist corrosion
MPRegen 0.08/turn               (no ring)

@: inhibited regen
A: claws 1, cold resistance 1, negative energy resistance 3, inhibited
regeneration, torment resistance 2
a: no special abilities


You were on level 3 of the Dungeon.
You visited 1 branch of the dungeon, and saw 3 of its levels.

You collected 115 gold pieces.


Innate Abilities, Weirdness & Mutations

You thrive by killing the living.
You are immune to poison.
You have sharp fingernails.
Your flesh is cold resistant. (rC+)
You are immune to negative energy. (rN+++)
You do not regenerate when monsters are visible.
You are immune to unholy pain and torment.


   Skills:
 - Level 3.2 Fighting
 - Level 2.6 Dodging
 - Level 2.1 Stealth
 + Level 5.5 Unarmed Combat


You had 3 spell levels left.
You didn't know any spells.
Your spell library contained the following spells:

 Spells                   Type           Power      Damage    Failure   Level
 Gell's Gravitas          Tloc           0%         N/A       85%         3
 Teleport Other           Tloc           0%         N/A       85%         3
 Dispersal                Tloc           0%         N/A       100%        6

Inventory:

Armour
 a - a +0 robe (worn)
Jewellery
 c - an amulet of regeneration
 R - a ring of resist corrosion (left claw)
Potions
 b - a potion of curing {@q1}
 d - 2 potions of magic {unknown}
 e - a potion of attraction {unknown}
 g - 2 potions of lignification

Dungeon Overview and Level Annotations

Branches:
Dungeon (3/15)

Altars:
Trog

... ### # ... ..# .#
... ##.## .. #.#
#.####...##.#.# #.#
#.............. #.#
######S@o##.#.# #.#
#...##S## ##.##
#.#.##.#####. ##.#.##
#.#..[.......#
#.###.####.####.#######
##..#............#
#.......###.######
.▒▒▒▒▒▒▒▒ ▒▒▒ #▒


You could see 2 adders and an orc.


Message History

You kill the endoplasm!
The orc shouts!
The adder hisses angrily.
You closely miss the adder. The adder bites you but does no damage.
The adder bites you.
You miss the adder. Your claw misses the adder. The orc closely misses you.
The adder closely misses you.
You miss the adder. The adder barely misses you.
The orc hits you with a +0 flail of holy wrath!
You convulse.
The adder barely misses you.
You barely miss the adder. The adder bites you. The adder closely misses you.
The orc hits you with a +0 flail of holy wrath.
* * * LOW HITPOINT WARNING * * *
You convulse.
* * * LOW HITPOINT WARNING * * *
The adder bites you.
* * * LOW HITPOINT WARNING * * *
You scratch the orc.
The orc is heavily wounded.
The adder barely misses you. The orc closely misses you. The adder misses you.
You scratch the orc.
The orc is severely wounded.
The adder bites you.
* * * LOW HITPOINT WARNING * * *
The adder closely misses you. The orc closely misses you. The adder bites you.
* * * LOW HITPOINT WARNING * * *
You feel better. The adder barely misses you. The adder closely misses you.
The orc hits you with a +0 flail of holy wrath!
* * * LOW HITPOINT WARNING * * *
You convulse.
You die...

Skill      XL: |  1  2  3 |
---------------+----------+-----
Unarmed Combat | 4 5 |  5.5
Fighting       | |  3.2
Dodging        | |  2.6
Stealth        | |  2.1

Action                   |  1- 3 |  4- 6 || total
-------------------------+-------+-------++-------
Melee: Unarmed           |   108 |    20 ||   128
       Punch             |     3 |       ||     3
  Use: Scroll            |     3 |     1 ||     4
       Potion            |       |     1 ||     1
 Stab: Sleeping          |     4 |     1 ||     5
Armor: Robe              |    11 |     1 ||    12
Dodge: Dodged            |    59 |    14 ||    73

Levels and vault maps discovered:
D:1:      dpeg_arrival_chambers_temple_mockup, layout_loops_cross,
          ebering_ecumenical_altar_hall
D:2:      layout_rooms, serial_curves, eino_curves_01, eino_curves_04
D:3:      layout_loops_ring, tgw_fedhas, lightli_temple_of_fire

Notes
Turn   | Place    | Note
-------+----------+-------------------------------------------
     0 | D:1      | demibob the Ghoul Monk began the quest for the Orb.
     0 | D:1      | Reached XP level 1. HP: 19/19 MP: 0/0
   372 | D:1      | Reached XP level 2. HP: 22/26 MP: 1/1
   461 | D:1      | Reached skill level 4 in Unarmed Combat
   742 | D:1      | Found a faded altar of an unknown god.
   839 | D:1      | Reached XP level 3. HP: 30/31 MP: 2/2
  1243 | D:2      | Reached skill level 5 in Unarmed Combat
  1524 | D:3      | Found a bloodstained altar of Trog.
  1589 | D:3      | Reached XP level 4. HP: 32/38 MP: 3/3
  1920 | D:3      | Slain by an orc

Vanquished Creatures
  An adder (D:3)
  3 dart slugs (D:1)
  2 worms
  4 orcs (D:3)
  4 endoplasms
  3 giant cockroaches
  3 goblins
  4 hobgoblins
  4 jackals (D:2)
  3 kobolds
  2 quokkas
  4 ball pythons (D:2)
  3 bats (D:1)
  2 frilled lizards (D:2)
  2 rats (D:1)
44 creatures vanquished.

Vanquished Creatures (others)
  16 toadstools (D:3)
16 creatures vanquished.

Grand Total: 60 creatures vanquished

Table legend: (Time is in decaauts)
 A = Elapsed time spent in this place.
 B = Non-inter-level travel time spent in this place.
 C = Inter-level travel time spent in this place.
 D = Time resting spent in this place.
 E = Time spent auto-exploring this place.
 F = Levels seen in this place.
 G = Mean time per level.
                   A        B        C        D        E       F      G
               +--------+--------+--------+--------+--------+-----+--------+
         Total |   1908 |   1893 |     15 |    170 |   1402 |   3 |  636.0 |
       Dungeon |   1908 |   1893 |     15 |    170 |   1402 |   3 |  636.0 |
               +--------+--------+--------+--------+--------+-----+--------+

Top non-repeatable levels by time:
     D:1: 889 daAuts
     D:3: 512 daAuts
     D:2: 507 daAuts

Table legend:
 A = Non-vault XP
 B = Vault XP
 C = Vault XP percentage of total XP
 D = Non-vault monster count
 E = Vault monster count
 F = Vault count percentage of total count
                 A         B        C        D         E       F
            +---------+---------+-------+---------+---------+-------
      Total |     105 |       0 |   0.0 |      44 |       0 |   0.0
            +---------+---------+-------+---------+---------+-------
        D:1 |      36 |       0 |   0.0 |      17 |       0 |   0.0
        D:2 |      33 |       0 |   0.0 |      18 |       0 |   0.0
        D:3 |      36 |       0 |   0.0 |       9 |       0 |   0.0
            +---------+---------+-------+---------+---------+-------
